[Event "Early-Titled-Tuesday-Blitz-December-26-2023"]
[Site "Chess.com"]
[Date "2023.12.26"]
[Round "4"]
[White "wild3000"]
[Black "SaqoChess_Twitch"]
[Result "0-1"]
[WhiteElo "2419"]
[BlackElo "2648"]
[TimeControl "180+1"]
[EndTime "8:37:53 PST"]
[Termination "SaqoChess_Twitch won by resignation"]

1. d4 d5 2. e3 e6 3. Nf3 Nf6 4. Be2 c5 5. O-O Nc6 6. a3 Bd6 7. dxc5 Bxc5 8. b4 Bd6 9. Bb2 O-O 10. c4 dxc4 11. Bxc4 Qc7 12. Bb3 Rd8 13. Qe2 Ne5 14. Nbd2 Nxf3+ 15. Nxf3 Qe7 16. Rfd1 Bd7 17. h3 Bc6 18.
Ne5 Bd5 19. Bxd5 Nxd5 20. Nc4 Bc7 21. e4 Nf4 22. Qg4 Ng6 23. g3 Rxd1+ 24. Rxd1 Rd8 25.
h4 b5 26. Ne3 Rxd1+ 27. Qxd1 Be5 28. Qa1 Bxb2 29. Qxb2 Qd6 30. Qc3 h6 31. Qc8+ Kh7 32.
Qb7 Ne5 33. Qxa7 Qd2 34. Ng2 Nf3+ 35. Kh1 Qd1+ 36. Ne1 Nxe1 37. Qxf7 Qf3+ 38. Qxf3 Nxf3 39. Kg2 Nd2 40. f4 Nxe4 41. Kf3 Nd2+ 42. Ke3 Nc4+ 43.
Kd4 Nxa3 44. Ke5 Nc2 45. Kd6 Nxb4 46. Kc5 Nd5 47. Kxb5 Nc3+ 48. Kc4 Ne2 49. Kc5 Nxg3 50. Kd6 Nh5 51. Ke5 Kg6 52. Ke4 Kf6 53. Ke3 Kf5 54. Kf3 Nxf4 55. Kg3 g5 56. hxg5 hxg5 57. Kf3 e5 58. Kg3 e4 59. Kf2 Nh5 60. Ke3 Ke5 61. Kf2 Kf4 62. Ke2 g4 63. Kf2 g3+ 64. Kg2 Kg4 65.
Kg1 e3 66. Kf1 Kf3 67. Kg1 Nf4 68. Kf1 Nd3 69. Kg1 e2 0-1

[Event "Early-Titled-Tuesday-Blitz-December-26-2023"]
[Site "Chess.com"]
[Date "2023.12.26"]
[Round "4"]
[White "stratacticos"]
[Black "WindWhistler11"]
[Result "0-1"]
[WhiteElo "1853"]
[BlackElo "2446"]
[TimeControl "180+1"]
[EndTime "8:37:54 PST"]
[Termination "WindWhistler11 won by resignation"]

1. e4 e6 2. d4 d5 3. e5 c5 4. c3 Nc6 5. Nf3 Bd7 6. dxc5 Bxc5 7. b4 Bb6 8. b5 Na5 9. Bd3 Rc8 10. O-O Ne7 11. Qe2 Nc4 12. a4 Ba5 13. Ra2 Ng6 14. g3 f6 15. exf6 Qxf6 16. Bg5 Qf7 17. h4 O-O 18.
Kg2 h6 19. h5 Qxf3+ 20. Qxf3 Rxf3 21. Bxg6 Rff8 22. Be7 e5 23. Bxf8 Rxf8 24. Bd3 Nd6 25. Na3 Bxc3 26. Rc2 Bb4 27. Rc7 Bg4 28. Nc2 Ba5 29.
Re7 e4 30. Ne3 Bf3+ 31. Kh2 exd3 32. Nxd5 Bxd5 33. Rd7 Rf6 34. Rd1 d2 0-1

[Event "Early-Titled-Tuesday-Blitz-December-26-2023"]
[Site "Chess.com"]
[Date "2023.12.26"]
[Round "4"]
[White "RamyresCoelho"]
[Black "a-z30"]
[Result "0-1"]
[WhiteElo "2292"]
[BlackElo "2492"]
[TimeControl "180+1"]
[EndTime "8:37:55 PST"]
[Termination "a-z30 won by checkmate"]

1. e4 d6 2. d4 Nf6 3. Nc3 g6 4.
f3 Bg7 5. Be3 O-O 6. Qd2 e5 7.
O-O-O Nc6 8. d5 Nd4 9. Nge2 Nxe2+ 10. Bxe2 Nh5 11. g4 Nf4 12. Bxf4 exf4 13. Qxf4 b5 14. Bxb5 Rb8 15. Bc4 Bd7 16. Bb3 a5 17. a4 Rb4 18.
h4 Qb8 19. h5 Rxb3 20. cxb3 Qxb3 21. Rd3 Bxa4 22. Nxa4 Qxd3 23. Qd2 Qxf3 24. Rh2 Qxe4 25. Nc3 Qxg4 26. hxg6 hxg6 27. Rg2 Qc4 28. Re2 Rb8 29. Qe1 Bxc3 30. Re8+ Rxe8 31. Qxe8+ Kg7 32. bxc3 Qxc3+ 33. Kb1 Qb3+ 34. Kc1 Qxd5 35. Qd7 c5 36. Qa7 c4 37.
Kb2 Qc5 38. Qe7 a4 39. Ka2 c3 40. Qd7 c2 41. Qd8 Qc4+ 42. Ka3 c1=Q# 0-1

[Event "Early-Titled-Tuesday-Blitz-December-26-2023"]
[Site "Chess.com"]
[Date "2023.12.26"]
[Round "4"]
[White "AljoschaFeuerstack"]
[Black "ShahMatKanal"]
[Result "0-1"]
[WhiteElo "2686"]
[BlackElo "2535"]
[TimeControl "180+1"]
[EndTime "8:37:56 PST"]
[Termination "ShahMatKanal won by resignation"]

1. e4 c6 2. d3 g6 3. g3 Bg7 4.
Bg2 d6 5. Nf3 Nf6 6. O-O O-O 7.
Re1 Qc7 8. a4 a5 9. Nc3 Na6 10.
d4 Nd7 11. Bg5 Re8 12. Qd2 Nb4 13. Rad1 Nb6 14. b3 Bg4 15. h3 Bxf3 16. Bxf3 Bf6 17. Bh6 Rad8 18. h4 e5 19. d5 Bg7 20. Re2 Nxc2 21.
Bxg7 Nd4 22. Qh6 Nxf3+ 23. Kg2 f5 24. Bf6 Nd4 25. Bxd8 Qxd8 26. Rb2 Qf6 27. dxc6 bxc6 28. Qd2 fxe4 29. Qe2 d5 30. b4 Nxe2 0-1

[Event "Early-Titled-Tuesday-Blitz-December-26-2023"]
[Site "Chess.com"]
[Date "2023.12.26"]
[Round "4"]
[White "slidingknight2775"]
[Black "FunnyDuck66"]
[Result "1-0"]
[WhiteElo "2679"]
[BlackElo "2477"]
[TimeControl "180+1"]
[EndTime "8:38:00 PST"]
[Termination "slidingknight2775 won by resignation"]

1. Nf3 Nf6 2. g3 d5 3. Bg2 c6 4.
c4 e6 5. O-O Be7 6. b3 O-O 7.
Bb2 Nbd7 8. d4 b5 9. Qc2 Bb7 10. Nbd2 a5 11. a4 bxc4 12. bxc4 Ba6 13. Rac1 Bb4 14.
Rfd1 Rb8 15. e4 Bxd2 16. Nxd2 dxc4 17. Ba3 Re8 18. Nxc4 Bxc4 19. Qxc4 Nb6 20. Qxc6 Rc8 21. Qb5 Rxc1 22. Bxc1 Qc7 23. Bf4 Qa7 24. Be3 Rb8 25.
d5 exd5 26. Rb1 Nfd7 27. Bh3 Ne5 28. Bxb6 Qe7 29. Bg2 d4 30. Qf1 d3 31. Bd4 Rxb1 32.
Qxb1 Qb4 33. Qxb4 axb4 34. Bxe5 d2 35. Bf3 b3 36. Bd1 b2 37. Bxb2 1-0

[Event "Early-Titled-Tuesday-Blitz-December-26-2023"]
[Site "Chess.com"]
[Date "2023.12.26"]
[Round "4"]
[White "PavelChernomordik"]
[Black "GMJustin"]
[Result "1-0"]
[WhiteElo "2427"]
[BlackElo "2238"]
[TimeControl "180+1"]
[EndTime "8:38:03 PST"]
[Termination "PavelChernomordik won on time"]

1. e4 c5 2. Nc3 b6 3. f4 Bb7 4.
Nf3 e6 5. g3 Nf6 6. d3 d5 7. e5 d4 8. Nb5 Nd5 9. Bg2 a6 10. Na3 b5 11. O-O Be7 12. Bd2 O-O 13. c4 dxc3 14. bxc3 c4 15. Nc2 cxd3 16. Ncd4 Nd7 17. f5 exf5 18. Nxf5 Rc8 19. Qe1 N7b6 20. Qe4 Bc5+ 21. Kh1 Ne3 22. Qxb7 Nxf5 23. Rae1 Qd5 24. Qxa6 Ra8 25. Qxb5 Qc4 26. Qc6 Rxa2 27. Re4 Qb3 28. Qxc5 1-0

[Event "Early-Titled-Tuesday-Blitz-December-26-2023"]
[Site "Chess.com"]
[Date "2023.12.26"]
[Round "4"]
[White "ural58"]
[Black "ukchessbomber"]
[Result "0-1"]
[WhiteElo "2482"]
[BlackElo "2675"]
[TimeControl "180+1"]
[EndTime "8:38:04 PST"]
[Termination "ukchessbomber won on time"]

1. e4 a6 2. b3 b5 3. Bb2 Bb7 4. f3 d5 5. Qe2 e6 6. Nh3 c5 7. a4 bxa4 8. exd5 Qxd5 9. Nc3 Qd7 10. Nxa4 Qd8 11. Nf4 Nf6 12. Nd3 Nbd7 13. Qf2 Rc8 14.
Be2 c4 15. bxc4 Rxc4 16. Bc3 Bd6 17. Nab2 Rxc3 18. dxc3 Qc7 19. c4 Bxh2 20. f4 Ne4 21. Qd4 Bg3+ 22. Kf1 Bxf4 23. Bf3 Ng3+ 0-1

[Event "Early-Titled-Tuesday-Blitz-December-26-2023"]
[Site "Chess.com"]
[Date "2023.12.26"]
[Round "4"]
[White "Aslanov_Umid"]
[Black "Alex_Sahakyan2006"]
[Result "1-0"]
[WhiteElo "2568"]
[BlackElo "2704"]
[TimeControl "180+1"]
[EndTime "8:38:11 PST"]
[Termination "Aslanov_Umid won by resignation"]

1. e4 g6 2. d4 Bg7 3. Nc3 a6 4. f4 b5 5. Nf3 Bb7 6. Bd3 d6 7.
e5 e6 8. Be3 Nd7 9. Qd2 Ne7 10.
h4 Bxf3 11. gxf3 h5 12. Ne4 d5 13. Ng5 Bh6 14. Kf2 Bxg5 15. fxg5 Qb8 16. b3 O-O 17. a4 c5 18. c3 c4 19. bxc4 bxc4 20. Rhb1 Qc7 21.
Bc2 Rfb8 22. Rxb8+ Rxb8 23. Rb1 Rxb1 24. Bxb1 Qb6 25.
Qa2 Nb8 26. Bc1 Nbc6 27. Qb2 Qxb2+ 28. Bxb2 Nf5 29. Bxf5 gxf5 30. Ke3 Ne7 31. Kf2 Ng6 32. Kg3 Kf8 33. Ba3+ Ke8 34. Bb4 Kd7 35. Ba5 Kc6 36. Bd8 Kd7 37. Bb6 Kc8 38. Ba5 Kb7 39. Bd8 Kc6 40. Ba5 Kb7 41. Bd8 f4+ 42. Kh3 Nxe5 43. dxe5 d4 44. cxd4 c3 45. Ba5 c2 46. Bd2 Kc6 47. Bxf4 Kd5 48. Be3 Kc4 49. f4 Kd3 50. Bc1 Kxd4 51. Kg3 Ke4 52. Kf2 Kd3 53. f5 1-0

[Event "Early-Titled-Tuesday-Blitz-December-26-2023"]
[Site "Chess.com"]
[Date "2023.12.26"]
[Round "4"]
[White "SHIVACalypso"]
[Black "Mikhail_Golubev"]
[Result "0-1"]
[WhiteElo "2388"]
[BlackElo "2617"]
[TimeControl "180+1"]
[EndTime "8:38:12 PST"]
[Termination "Mikhail_Golubev won by resignation"]

1. Nf3 d6 2. c4 g6 3. g3 Bg7 4.
Bg2 e5 5. Nc3 Nc6 6. d3 f5 7. O-O h6 8. Rb1 a5 9. a3 g5 10. Qc2 Nf6 11. b4 axb4 12. axb4 O-O 13. b5 Ne7 14. Bb2 f4 15. Ra1 Rb8 16. Ra7 Nf5 17. Nd5 Nxd5 18. cxd5 b6 19. Qxc7 Qxc7 20. Rxc7 e4 21. Bxg7 exf3 22. Bxf8 fxg2 23. Kxg2 Kxf8 24. Rfc1 Ne7 25. e4 fxe3 26. fxe3 Ke8 27. e4 Bd7 28.
Ra1 Rc8 29. Rxc8+ Nxc8 30. Kf3 Bxb5 31. Ke3 Bd7 32. d4 b5 33. Ra6 Kd8 34. e5 Kc7 35. Ke4 Kb7 36. Ra1 Nb6 37. Rf1 Nc4 38. Rf7 Kc8 39. e6 Be8 40. Rg7 b4 41. Kd3 Nb6 42. Re7 Bb5+ 43. Kd2 Nxd5 44. Rd7 Bxd7 45. exd7+ Kxd7 46. Kd3 Kc6 0-1

[Event "Early-Titled-Tuesday-Blitz-December-26-2023"]
[Site "Chess.com"]
[Date "2023.12.26"]
[Round "4"]
[White "Witik"]
[Black "zubridis"]
[Result "1-0"]
[WhiteElo "2733"]
[BlackElo "2556"]
[TimeControl "180+1"]
[EndTime "8:38:13 PST"]
[Termination "Witik won on time"]

1. d4 e6 2. c4 b6 3. f3 d5 4. Nc3 Nf6 5. cxd5 exd5 6. e4 dxe4 7. fxe4 Bb7 8. Nf3 Be7 9. Bb5+ c6 10. Bd3 O-O 11. O-O c5 12. d5 Nbd7 13. e5 Nxd5 14. Nxd5 Bxd5 15. Bxh7+ Kxh7 16. Qxd5 Qc7 17. Bg5 Rae8 18. Rae1 Kg8 19. e6 Nf6 20. exf7+ Rxf7 21. Bxf6 gxf6 22. Ng5 Rf8 23. Ne6 Rd8 24. Qf5 Qc8 25. Qg6+ 1-0

[Event "Early-Titled-Tuesday-Blitz-December-26-2023"]
[Site "Chess.com"]
[Date "2023.12.26"]
[Round "4"]
[White "Msb2"]
[Black "enestnrvrd"]
[Result "0-1"]
[WhiteElo "2999"]
[BlackElo "2648"]
[TimeControl "180+1"]
[EndTime "8:38:14 PST"]
[Termination "enestnrvrd won by checkmate"]

1. d4 Nf6 2. c4 e6 3. Nc3 Bb4 4. e3 d6 5. Bd3 O-O 6. Ne2 e5 7. O-O Bxc3 8. Nxc3 Nc6 9. d5 Ne7 10. e4 Ng6 11. Ne2 Bd7 12. h3 Nh5 13. Bc2 Qf6 14. Ng3 Nhf4 15. Nf5 Nh4 16. Nxh4 Qxh4 17. Qf3 g5 18.
Kh2 Kh8 19. Qg3 Qh5 20. Bd1 Qg6 21. Bxf4 exf4 22. Qc3+ f6 23. Bg4 Bxg4 24. hxg4 Kg7 25. c5 h5 26. cxd6 hxg4 27. Kg1 cxd6 28. g3 f3 29. Rfc1 Rf7 30. Kf1 Rh8 31. Ke1 Qxe4+ 32. Qe3 Qxd5 33. Qe2 fxe2 34. Rc3 Rh1+ 35. Kxe2 Re7+ 36. Re3 Rxe3+ 37. Kxe3 Rxa1 38. b4 Re1# 0-1

[Event "Early-Titled-Tuesday-Blitz-December-26-2023"]
[Site "Chess.com"]
[Date "2023.12.26"]
[Round "4"]
[White "Ramla2020"]
[Black "rikchessmx"]
[Result "1-0"]
[WhiteElo "2462"]
[BlackElo "2210"]
[TimeControl "180+1"]
[EndTime "8:38:14 PST"]
[Termination "Ramla2020 won on time"]

1. c4 Nf6 2. g3 e5 3. Bg2 Bc5 4. Nc3 d6 5. e3 a6 6. Nge2 Ba7 7. d4 Nbd7 8. O-O O-O 9. h3 c6 10. b3 Re8 11. Ba3 Qc7 12. dxe5 dxe5 13. Bd6 Qa5 14. b4 Qd8 15. Qd2 c5 16. Rad1 cxb4 17. Bxb4 Qc7 18.
Nd5 Nxd5 19. cxd5 Qb6 20. Rb1 Qh6 21. e4 Qxd2 22. Bxd2 Bc5 23. a4 b6 24. Kh2 a5 25.
Nc3 Ba6 26. Nb5 Rac8 27. f4 exf4 28. gxf4 f6 29. Rfe1 Bf2 30. Re2 Bxb5 31. Rxb5 Bd4 32. Be1 Rc4 33. h4 Rxa4 34. Bg3 Bc5 35. e5 fxe5 36. fxe5 Rb4 37. Rxb4 axb4 38. Bh3 Nf8 39. e6 b3 40. d6 1-0

[Event "Early-Titled-Tuesday-Blitz-December-26-2023"]
[Site "Chess.com"]
[Date "2023.12.26"]
[Round "4"]
[White "HajiyevKanan"]
[Black "Pendos666"]
[Result "0-1"]
[WhiteElo "2601"]
[BlackElo "2833"]
[TimeControl "180+1"]
[EndTime "8:38:16 PST"]
[Termination "Pendos666 won on time"]

1. d4 Nf6 2. Nf3 e6 3. c4 c5 4.
e3 cxd4 5. Nxd4 Nc6 6. Be2 Be7 7. O-O O-O 8. b3 Nxd4 9. Qxd4 d5 10. Bb2 dxc4 11.
Bxc4 Qxd4 12. Bxd4 Bd7 13. Nc3 Bc6 14. Rfd1 Rfc8 15.
a4 a6 16. a5 Bb4 17. f3 Kf8 18. e4 Rd8 19. Ne2 Nd7 20. e5 g5 21. Kf2 h6 22.
Ke3 Ke8 23. g3 Nf8 24. f4 g4 25. Bb6 Rxd1 26. Rxd1 Bf3 27. Rd3 Nd7 28. Nd4 Nxb6 29.
axb6 Bc5 30. Kd2 Be4 31. Nc2 Bxd3 32. Bxd3 Bxb6 33. b4 a5 34. bxa5 Bxa5+ 35. Ke3 Rc8 36. Na3 Bb6+ 37. Ke4 Bg1 38. Nb5 Ke7 39. Nd6 Rc7 40. Be2 h5 41. f5 Bxh2 42. f6+ Kf8 43. Bb5 Bxg3 0-1

[Event "Early-Titled-Tuesday-Blitz-December-26-2023"]
[Site "Chess.com"]
[Date "2023.12.26"]
[Round "4"]
[White "Flawless_Fighter"]
[Black "GoValya"]
[Result "0-1"]
[WhiteElo "2782"]
[BlackElo "2300"]
[TimeControl "180+1"]
[EndTime "8:38:16 PST"]
[Termination "GoValya won by checkmate"]

1. Nf3 Nf6 2. g3 d5 3. Bg2 c6 4. d4 g6 5. O-O Bg7 6. Re1 O-O 7. Nbd2 Nbd7 8. e3 b6 9. e4 dxe4 10. Nxe4 Nxe4 11. Rxe4 Bb7 12. Re1 e6 13. c3 c5 14.
Bg5 Bxf3 15. Bxf3 Qxg5 16. Bxa8 Rxa8 17. h4 Qf5 18. dxc5 Nxc5 19. Kg2 Nd3 20. Re2 Rd8 21. Rd2 Bh6 22. Re2 Nf4+ 23. gxf4 Qg4+ 24. Kf1 Rxd1+ 25.
Rxd1 Qxh4 26. Re3 Bxf4 27. Red3 e5 28. c4 Qg4 29. b4 h5 30. c5 bxc5 31. bxc5 h4 32.
c6 h3 33. Rxh3 Qxh3+ 34. Ke2 Qg4+ 35. Ke1 Qc8 36. Kf1 Qxc6 37. Ke2 Qb5+ 38. Ke1 Qb4+ 39.
Kf1 Qc4+ 40. Kg2 Qxa2 41. Rd8+ Kg7 42. Rd7 Be3 43. Kh1 Qxf2 44. Rd8 Qg1# 0-1

[Event "Early-Titled-Tuesday-Blitz-December-26-2023"]
[Site "Chess.com"]
[Date "2023.12.26"]
[Round "4"]
[White "rachidhuilda"]
[Black "LUISMIGUELOV"]
[Result "1-0"]
[WhiteElo "2347"]
[BlackElo "2202"]
[TimeControl "180+1"]
[EndTime "8:38:16 PST"]
[Termination "rachidhuilda won on time"]

1. d4 c6 2. Nf3 d5 3. c4 Bg4 4. Qb3 Bxf3 5. gxf3 Qd7 6. Nc3 e6 7. Bf4 Nf6 8. e3 dxc4 9. Bxc4 Nd5 10. Bg3 Nxc3 11.
bxc3 b5 12. Be2 Na6 13. a4 Nc7 14. Bxc7 Qxc7 15. axb5 Rb8 16. Qa4 Bd6 17. f4 O-O 18.
bxc6 Rfc8 19. Bf3 Bxf4 20. exf4 Qxf4 21. Bg2 Qg5 22. O-O Rb6 23. f4 Qg4 24. Qd1 Qg6 25. f5 exf5 26. d5 Rb2 27. Rf2 Rcb8 28. Qf3 Rb1+ 29. Rxb1 Rxb1+ 30. Rf1 Rxf1+ 31. Qxf1 Qd6 32. Qb5 g6 33. Qb4 Qc7 34. d6 Qc8 35. c7 Qe6 36. Qd4 Qe1+ 37. Bf1 1-0

[Event "Early-Titled-Tuesday-Blitz-December-26-2023"]
[Site "Chess.com"]
[Date "2023.12.26"]
[Round "4"]
[White "Kotofeyca"]
[Black "PabloZarnicki"]
[Result "0-1"]
[WhiteElo "2424"]
[BlackElo "2651"]
[TimeControl "180+1"]
[EndTime "8:38:19 PST"]
[Termination "PabloZarnicki won on time"]

1. d4 Nf6 2. c4 g6 3. f3 Bg7 4. e4 O-O 5. Nc3 d6 6. Be3 b6 7. Bd3 Nfd7 8. Nge2 c5 9. d5 Ne5 10. b3 Nxd3+ 11. Qxd3 b5 12. Rb1 bxc4 13. bxc4 Nd7 14. f4 Ba6 15. O-O Qa5 16. Nb5 Rab8 17. Nec3 Nb6 18.
Bd2 Bxc3 19. Bxc3 Qa4 20. Rfc1 Nxc4 21. Nxa7 Na3 22. Qd2 Nxb1 23. Rxb1 Rxb1+ 24. Kf2 Qxe4 25. Nc6 Rf1+ 26. Kg3 Be2 27. Bb2 f6 0-1

[Event "Early-Titled-Tuesday-Blitz-December-26-2023"]
[Site "Chess.com"]
[Date "2023.12.26"]
[Round "4"]
[White "johnmez"]
[Black "Alenzer"]
[Result "1-0"]
[WhiteElo "2291"]
[BlackElo "2063"]
[TimeControl "180+1"]
[EndTime "8:38:19 PST"]
[Termination "johnmez won by checkmate"]

1. c4 e5 2. Nc3 Nf6 3. g3 Bb4 4. Bg2 Nc6 5. e3 Bxc3 6. dxc3 O-O 7. Ne2 d6 8. O-O Be6 9. b3 Qd7 10. Re1 a5 11. Qc2 Bf5 12. e4 Bh3 13. Bh1 Ng4 14.
f3 Nf6 15. Be3 Be6 16. Red1 a4 17. Bg2 b6 18. g4 Qe7 19. Ng3 axb3 20. axb3 Ra5 21.
Rxa5 Nxa5 22. Nf5 Bxf5 23. exf5 Rd8 24. Bg5 h6 25. Bh4 Qd7 26. Bf1 Re8 27. Bd3 Nh7 28.
Be4 Ng5 29. Bxg5 hxg5 30. b4 Nc6 31. Qd2 f6 32. Qd5+ Kh7 33. Qxc6 Qe7 34. Qd5 Rd8 35. Kg2 Qd7 36. h4 gxh4 37. Rh1 Kh6 38. Rxh4+ Kg5 39.
Rh5+ Kf4 40. Qd2# 1-0

[Event "Early-Titled-Tuesday-Blitz-December-26-2023"]
[Site "Chess.com"]
[Date "2023.12.26"]
[Round "4"]
[White "GMT4114"]
[Black "alvarorodriguezavila"]
[Result "0-1"]
[WhiteElo "2022"]
[BlackElo "2286"]
[TimeControl "180+1"]
[EndTime "8:38:21 PST"]
[Termination "alvarorodriguezavila won on time"]

1. e4 c5 2. Nc3 Nc6 3. Bb5 Nd4 4. Nf3 g6 5. Ba4 Bg7 6. O-O a6 7. Nxd4 cxd4 8. Ne2 b5 9. Bb3 Bb7 10. d3 e6 11. f4 f5 12. e5 Qb6 13. Bd2 Ne7 14. Qe1 O-O 15. Qh4 Nd5 16. Bxd5 Bxd5 17.
Be1 Rac8 18. Rc1 Qb7 19. Qg3 d6 20. Nxd4 dxe5 21. fxe5 Qb8 22. Nf3 Bxf3 23. Qxf3 Bxe5 24. c3 Bxh2+ 25. Kh1 Be5 26. d4 Bg7 27. Bg3 Qa8 28. Qe3 Qd5 29. Rce1 Rfe8 30. Re2 h6 31. a3 g5 32. Be5 Bxe5 33. Qxe5 Qxe5 34. Rxe5 f4 35. Rfe1 Kf7 36. Kg1 Rcd8 37. Rc5 Rd6 38. Kf2 Kf6 39. Kf3 Re7 40. Ree5 Red7 41. b3 Rd5 0-1

[Event "Early-Titled-Tuesday-Blitz-December-26-2023"]
[Site "Chess.com"]
[Date "2023.12.26"]
[Round "4"]
[White "biostatistician"]
[Black "Aygehovit1992"]
[Result "1-0"]
[WhiteElo "2600"]
[BlackElo "2750"]
[TimeControl "180+1"]
[EndTime "8:38:22 PST"]
[Termination "biostatistician won on time"]

1. d4 Nf6 2. Nf3 g6 3. c4 Bg7 4. Nc3 d6 5. e4 O-O 6. Be2 Na6 7. O-O e5 8. Bg5 h6 9. Bh4 Qe8 10.
Bxf6 Bxf6 11. c5 exd4 12. Nd5 Bd8 13. Bxa6 bxa6 14. Qxd4 Bg4 15. cxd6 cxd6 16. Rfe1 Bxf3 17. gxf3 Qe6 18. Rad1 Rc8 19. b3 Qh3 20. Rd3 Rc2 21. f4 Qh4 22. Rg3 Rxa2 23. f5 g5 24. Ree3 Re8 25. Kg2 a5 26. Qxa7 Rd2 27. Qd7 Rf8 28.
f6 Qh5 29. Qxd6 g4 30. Ne7+ 1-0

[Event "Early-Titled-Tuesday-Blitz-December-26-2023"]
[Site "Chess.com"]
[Date "2023.12.26"]
[Round "4"]
[White "chessdiamant"]
[Black "Aradhya2000"]
[Result "1-0"]
[WhiteElo "2578"]
[BlackElo "2701"]
[TimeControl "180+1"]
[EndTime "8:38:25 PST"]
[Termination "chessdiamant won by checkmate"]

1. d4 d5 2. Nf3 Nf6 3. Bf4 c5 4. e3 Nc6 5. c3 Qb6 6. Qb3 c4 7.
Qxb6 axb6 8. Nbd2 Bf5 9. a3 e6 10. Nh4 Be4 11. f3 Bd3 12. Bxd3 cxd3 13. g4 Na5 14. b4 Nc4 15. Nxc4 dxc4 16. a4 Nd5 17. Kd2 Nxb4 18. cxb4 Bxb4+ 19. Kc1 c3 20. e4 Rc8 21. Rd1 g5 22. Bxg5 h5 23. Rxd3 hxg4 24. fxg4 Rg8 25. Nf3 f6 26. Bxf6 Rxg4 27. Ra2 Rc7 28. d5 exd5 29. exd5 Rf7 30. Re2+ Kf8 31. Ne5 Rg1+ 32. Rd1 Rxd1+ 33. Kxd1 Rc7 34. Kc2 Kg8 35. Rg2+ Kh7 36. Rg4 Rc5 37. Rh4+ Kg8 38. Rh8# 1-0

[Event "Early-Titled-Tuesday-Blitz-December-26-2023"]
[Site "Chess.com"]
[Date "2023.12.26"]
[Round "4"]
[White "LikeWater"]
[Black "Kleyton_Lima"]
[Result "1-0"]
[WhiteElo "2743"]
[BlackElo "2566"]
[TimeControl "180+1"]
[EndTime "8:38:26 PST"]
[Termination "LikeWater won by resignation"]

1. e4 c5 2. c3 Nf6 3. e5 Nd5 4. d4 cxd4 5. Qxd4 e6 6. Nf3 Nc6 7. Qe4 f5 8. Qe2 b5 9. g3 Qc7 10. Bg2 a5 11. O-O Be7 12. Rd1 O-O 13. h4 Bc5 14. Qxb5 Ba7 15. Rxd5 Ba6 16. Qb3 a4 17.
Qd1 exd5 18. Qxd5+ Kh8 19. Bf4 Qb6 20. Qd2 Bb7 21.
Na3 Rae8 22. h5 h6 23. Bxh6 Nxe5 24. Nxe5 Rxe5 25. Nc4 Qxf2+ 26. Qxf2 Bxf2+ 27. Kxf2 Rc5 28. Bxb7 Rxc4 29. Bf4 a3 30. bxa3 Rxc3 31. a4 Re8 32.
a5 Rc2+ 33. Kg1 Ree2 34. a6 Rxa2 35. Rxa2 Rxa2 36. Bb8 Kh7 37. a7 Kh6 38. a8=Q Rxa8 39. Bxa8 Kxh5 40. Kf2 g5 41. Bf3+ g4 42. Bd5 Kg5 43.
Bf4+ Kf6 44. Ke3 d6 45. Bxd6 Kg5 46. Bf4+ Kf6 47. Kd4 1-0

[Event "Early-Titled-Tuesday-Blitz-December-26-2023"]
[Site "Chess.com"]
[Date "2023.12.26"]
[Round "4"]
[White "Ducke13"]
[Black "RodokininEV"]
[Result "1-0"]
[WhiteElo "2403"]
[BlackElo "2601"]
[TimeControl "180+1"]
[EndTime "8:38:26 PST"]
[Termination "Ducke13 won by resignation"]

1. d4 Nf6 2. g3 g6 3. Bg2 Bg7 4. e4 O-O 5. Ne2 d6 6. O-O c6 7. a4 a5 8. Nbc3 e5 9. h3 Qc7 10. Be3 Nbd7 11. g4 Re8 12. Ng3 Nb6 13. b3 Be6 14. d5 cxd5 15. Nb5 Qc6 16. exd5 Nbxd5 17. g5 Nxe3 18. fxe3 Nd5 19. c4 Qc5 20. cxd5 Qxe3+ 21. Kh2 Bd7 22. Qf3 Qf4 23. Nxd6 Rf8 24. Ne4 Rac8 25. Nf6+ Bxf6 26. gxf6 Qh6 27. Rae1 Rc2 28.
Rf2 Rfc8 29. Rxe5 R2c3 30. Qf4 Qf8 31. Re7 Qd8 32. Rxd7 Qxd7 33. Qh6 Qxh3+ 34. Bxh3 1-0

[Event "Early-Titled-Tuesday-Blitz-December-26-2023"]
[Site "Chess.com"]
[Date "2023.12.26"]
[Round "4"]
[White "Hoshka"]
[Black "Pakarma"]
[Result "0-1"]
[WhiteElo "2035"]
[BlackElo "2460"]
[TimeControl "180+1"]
[EndTime "8:38:27 PST"]
[Termination "Pakarma won on time"]

1. d4 Nf6 2. c4 d6 3. Nf3 g6 4. g3 Bg7 5. Bg2 O-O 6. O-O a6 7.
Nc3 Nbd7 8. h3 e5 9. e4 b5 10. dxe5 dxe5 11. cxb5 axb5 12. Qc2 c6 13. Be3 Qe7 14. a3 Bb7 15. b4 c5 16. bxc5 Nxc5 17. Nd5 Bxd5 18. Bxc5 Bxe4 19. Bxe7 Bxc2 20. Bxf8 Rxf8 21.
Nxe5 Ne4 22. Nd7 Bxa1 23. Nxf8 Bb2 24. Re1 Nc3 25. Nd7 Bxa3 26. Nf6+ Kg7 27. Nd5 b4 28.
Re8 Nxd5 29. Bxd5 b3 30. Rb8 b2 31. Rb7 b1=Q+ 0-1

[Event "Early-Titled-Tuesday-Blitz-December-26-2023"]
[Site "Chess.com"]
[Date "2023.12.26"]
[Round "4"]
[White "hsmile"]
[Black "laskakid"]
[Result "1/2-1/2"]
[WhiteElo "2086"]
[BlackElo "2371"]
[TimeControl "180+1"]
[EndTime "8:38:27 PST"]
[Termination "Game drawn by repetition"]

1. d4 d5 2. Nc3 Nf6 3. Bg5 Nbd7 4. e3 h6 5. Bh4 c6 6. f4 Qb6 7. Rb1 e6 8. a3 c5 9. Nf3 Bd6 10. Bd3 cxd4 11. Nxd4 Bxf4 12. exf4 Qxd4 13. Qf3 O-O 14. Bf2 Ne5 15. Bxd4 Nxf3+ 16. gxf3 Nh5 17. f5 e5 18. Bc5 Rd8 19. O-O Nf4 20. Rbe1 Nxd3 21. cxd3 d4 22. Ne4 Bxf5 23. Rc1 f6 24. Rc2 b6 25. Bb4 a5 26.
Bd2 Rd7 27. Rfc1 Kf7 28. Rc7 Rd8 29. Rxd7+ Rxd7 30. Rc6 Bxe4 31. fxe4 Rb7 32. Kf2 g6 33. Kf3 h5 34. Bc1 Ke7 35. Bd2 b5 36. Bxa5 Rb8 37. Bb4+ Kf7 38. Rc7+ Kg8 39. Rc6 Kf7 40. Rc7+ Kg8 41.
Rc6 Kf7 1/2-1/2

[Event "Early-Titled-Tuesday-Blitz-December-26-2023"]
[Site "Chess.com"]
[Date "2023.12.26"]
[Round "4"]
[White "krasavetc"]
[Black "Aleksandar-Topalov"]
[Result "1-0"]
[WhiteElo "2665"]
[BlackElo "2360"]
[TimeControl "180+1"]
[EndTime "8:38:28 PST"]
[Termination "krasavetc won on time"]

1. e4 e6 2. d4 d5 3. Nc3 Bb4 4. e5 Qd7 5. Bd2 b6 6. Nf3 Ba6 7. Bxa6 Nxa6 8. O-O Nh6 9. Bxh6 gxh6 10. Ne2 Bf8 11.
a4 c5 12. a5 b5 13. dxc5 Nxc5 14. a6 Bg7 15. Nf4 Qc7 16. Qe2 Rb8 17. Nh5 Rg8 18. Kh1 Bh8 19. Nf4 Nd7 20. Nd3 Qc4 21. h3 Nc5 22. Rfe1 Ne4 23. Qe3 Rb6 24. Nd4 Qc7 25.
f3 Ng3+ 26. Kg1 h5 27. c3 Kf8 28. Qh6+ Bg7 29. Qf4 Bh8 30. Nb4 Rg6 31. Nd3 Bg7 32. Qe3 Bh6 33. f4 h4 34. Qf3 Qe7 35.
Kh2 b4 36. Rab1 Rxa6 37. Nxb4 Rb6 38. Ra1 Qc7 39. Nd3 Nf5 40. Nxf5 exf5 41. Qxd5 1-0

[Event "Early-Titled-Tuesday-Blitz-December-26-2023"]
[Site "Chess.com"]
[Date "2023.12.26"]
[Round "4"]
[White "noblerone"]
[Black "Sofia_Blokhin"]
[Result "1-0"]
[WhiteElo "2523"]
[BlackElo "2321"]
[TimeControl "180+1"]
[EndTime "8:38:28 PST"]
[Termination "noblerone won by resignation"]

1. d4 g6 2. c4 Bg7 3. Nc3 f5 4. g3 Nf6 5. Bg2 O-O 6. Nh3 d6 7.
O-O Nc6 8. Nf4 Qe8 9. Nfd5 Qd8 10. Nxf6+ Bxf6 11. Bh6 Re8 12. e3 e5 13. dxe5 Nxe5 14.
h4 Rb8 15. Rc1 Be6 16. b3 Ng4 17. Bf4 h6 18. f3 Ne5 19. Bxh6 Re7 20. Nd5 Bxd5 21.
Qxd5+ Kh8 22. Bf4 Rh7 23. Kf2 g5 24. hxg5 Bxg5 25. Rh1 Bxf4 26. Rxh7+ Kxh7 27. exf4 c6 28. Rh1+ Kg7 29. Qe6 Nd3+ 30. Ke3 Nc5 31. Qh6+ Kf7 32.
Qh7+ Ke8 33. Qg6+ Kd7 34. Rh7+ Kc8 35. Qxf5+ Nd7 36. Bh3 Qe8+ 37. Kf2 1-0